MLB
BOSTON RED SOX @ BALTIMORE ORIOLES
08/10/2018
 
TOP OF THE 1ST
Boston Red Sox batting - Pitching for Baltimore Orioles : RHP Shohei Ohtani
Pitching: RHP Shohei Ohtani
Batting: RHB Cesar Puello 0-0: Ball
1-0: Foul Ball, location: 2F
1-1: Called Strike
1-2: Ball
2-2: Foul Ball, location: 2F
2-2: Ball
3-2: Foul Ball, location: 2F
3-2: Strikes out swinging
Batting: RHB Eduardo Nunez 0-0: Ball
1-0: Ground out 5-3 (Groundball, 56S)
Batting: RHB Yasiel Puig 0-0: Ball
1-0: Ball
2-0: Ball
3-0: Called Strike
3-1: Swinging Strike
3-2: Strikes out swinging
Top of the 1st over - 0 runs, 0 hits, 0 errors, 0 left on base; Boston 0 - Baltimore 0
BOTTOM OF THE 1ST
Baltimore Orioles batting - Pitching for Boston Red Sox : LHP Madison Bumgarner
Pitching: LHP Madison Bumgarner
Batting: SHB Dexter Fowler 0-0: Ball
1-0: Ball
2-0: Ball
3-0: Called Strike
3-1: Foul Ball, location: 2F
3-2: Base on Balls
Batting: RHB Orlando Arcia 0-0: Ball
1-0: Ball
2-0: Swinging Strike
2-1: Foul Ball, location: 2F
2-2: Strikes out looking
Batting: LHB Rafael Devers 0-0: Ball
1-0: Fly out, F8 (Flyball, 8LS)
Batting: SHB Chase Headley 0-0: Ball
1-0: Fielders Choice at 2nd, 6-4 (Groundball, 6)
Bottom of the 1st over - 0 runs, 0 hits, 0 errors, 1 left on base; Boston 0 - Baltimore 0
TOP OF THE 2ND
Boston Red Sox batting - Pitching for Baltimore Orioles : RHP Shohei Ohtani
Batting: LHB Matt Adams 0-0: Ball
1-0: Ground out 6-3 (Groundball, 4)
Batting: SHB Yangervis Solarte 0-0: Ground out 6-3 (Groundball, 6S)
Batting: LHB Derek Dietrich 0-0: Foul Ball, location: 2F
0-1: Ground out 4-3 (Groundball, 4)
Top of the 2nd over - 0 runs, 0 hits, 0 errors, 0 left on base; Boston 0 - Baltimore 0
BOTTOM OF THE 2ND
Baltimore Orioles batting - Pitching for Boston Red Sox : LHP Madison Bumgarner
Batting: RHB Albert Almora 0-0: Fly out, F4 (Line Drive, 4)
Batting: LHB Derek Fisher 0-0: Called Strike
0-1: Called Strike
0-2: Ball
1-2: Ground out 5-3 (Groundball, 5)
Batting: LHB Curtis Granderson 0-0: Ball
1-0: Ball
2-0: Ball
3-0: Base on Balls
Batting: LHB Stephen Vogt 0-0: Called Strike
0-1: Ground out U3 (Groundball, 3L)
Bottom of the 2nd over - 0 runs, 0 hits, 0 errors, 1 left on base; Boston 0 - Baltimore 0
TOP OF THE 3RD
Boston Red Sox batting - Pitching for Baltimore Orioles : RHP Shohei Ohtani
Batting: LHB Jackie Bradley Jr. 0-0: Ball
1-0: Swinging Strike
1-1: Bunt for hit to 15 - play at first, batter OUT! 1-3
Batting: LHB Brock Holt 0-0: Fly out, F9 (Flyball, 9LDF)
Batting: RHB Jett Bandy 0-0: Ball
1-0: Called Strike
1-1: Ball
2-1: Called Strike
2-2: Strikes out swinging
Top of the 3rd over - 0 runs, 0 hits, 0 errors, 0 left on base; Boston 0 - Baltimore 0
BOTTOM OF THE 3RD
Baltimore Orioles batting - Pitching for Boston Red Sox : LHP Madison Bumgarner
Batting: RHB Josh Wilson 0-0: Called Strike
0-1: Ball
1-1: Ball
2-1: SINGLE (Line Drive, 89S)
Batting: SHB Dexter Fowler 0-0: Ball
1-0: Called Strike
1-1: Ball
2-1: Foul Ball, location: 2F
2-2: Ball
3-2: Fielders Choice at 2nd, 4-6 (Groundball, 34)
Batting: RHB Orlando Arcia 0-0: Called Strike
0-1: Ball
1-1: Ball
2-1: Ball
3-1: Base on Balls
Dexter Fowler to second
Batting: LHB Rafael Devers 0-0: Called Strike
0-1: Swinging Strike
0-2: Ball
1-2: Fly out, F9 (Flyball, 9S)
Batting: SHB Chase Headley 0-0: Called Strike
0-1: Ball
1-1: Foul Ball, location: 2F
1-2: Ball
2-2: Strikes out swinging
Bottom of the 3rd over - 0 runs, 1 hit, 0 errors, 2 left on base; Boston 0 - Baltimore 0
TOP OF THE 4TH
Boston Red Sox batting - Pitching for Baltimore Orioles : RHP Shohei Ohtani
Batting: RHB Cesar Puello 0-0: Swinging Strike
0-1: Called Strike
0-2: Strikes out swinging
Batting: RHB Eduardo Nunez 0-0: Called Strike
0-1: Ball
1-1: Ball
2-1: Ground out 6-3 (Groundball, 6S)
Batting: RHB Yasiel Puig 0-0: Ball
1-0: Foul Ball, location: 2F
1-1: SINGLE (Flyball, 78M)
Batting: LHB Matt Adams 0-0: Ball
1-0: Ball
2-0: Ball
3-0: Called Strike
3-1: Fielders Choice at 2nd, 6-5 (Groundball, 4)
Top of the 4th over - 0 runs, 1 hit, 0 errors, 1 left on base; Boston 0 - Baltimore 0
BOTTOM OF THE 4TH
Baltimore Orioles batting - Pitching for Boston Red Sox : LHP Madison Bumgarner
Batting: RHB Albert Almora 0-0: Called Strike
0-1: Foul Ball, location: 2F
0-2: Ball
1-2: Foul Ball, location: 2F
1-2: SINGLE (Line Drive, 34D)
Batting: LHB Derek Fisher 0-0: Ball
1-0: Called Strike
1-1: Foul Ball, location: 2F
1-2: Foul Ball, location: 2F
1-2: Foul Ball, location: 2F
1-2: Foul Ball, location: 2F
1-2: Ball
2-2: Ball
Albert Almora is caught stealing 2nd base 2-6
3-2: Foul Ball, location: 2F
3-2: DOUBLE (Flyball, 78XD)
Batting: LHB Curtis Granderson 0-0: SINGLE (Groundball, 4D)
Derek Fisher to third
Runner from 3rd tries for Home, SAFE, throw by CF to home
Batting: LHB Stephen Vogt 0-0: Ball
1-0: Called Strike
1-1: Ball
2-1: Grounds into double play, 4-5-3 (Groundball, 34D)
Bottom of the 4th over - 1 run, 3 hits, 0 errors, 0 left on base; Boston 0 - Baltimore 1
TOP OF THE 5TH
Boston Red Sox batting - Pitching for Baltimore Orioles : RHP Shohei Ohtani
Batting: SHB Yangervis Solarte 0-0: Called Strike
0-1: Swinging Strike
0-2: Fly out, F6 (Line Drive, 6)
Batting: LHB Derek Dietrich 0-0: Ball
1-0: Foul Ball, location: 2F
1-1: Foul Ball, location: 2F
1-2: Ground out 5-3 (Groundball, 5L)
Batting: LHB Jackie Bradley Jr. 0-0: Called Strike
0-1: Swinging Strike
0-2: Foul Ball, location: 2F
0-2: Foul Ball, location: 2F
0-2: Foul Ball, location: 2F
0-2: Ball
1-2: Ball
2-2: Ball
3-2: Base on Balls
Batting: LHB Brock Holt 0-0: Ball
1-0: Called Strike
1-1: SINGLE (Line Drive, 5L)
Jackie Bradley Jr. to second
Batting: RHB Jett Bandy 0-0: Ball
1-0: SINGLE (Line Drive, 56)
Jackie Bradley Jr. to third
Brock Holt to second
Runner from 3rd tries for Home, SAFE, no throw by LF
Batting: RHB Cesar Puello 0-0: Called Strike
0-1: Fly out, F9 (Flyball, 9S)
Top of the 5th over - 1 run, 2 hits, 0 errors, 2 left on base; Boston 1 - Baltimore 1
BOTTOM OF THE 5TH
Baltimore Orioles batting - Pitching for Boston Red Sox : LHP Madison Bumgarner
Batting: RHB Josh Wilson 0-0: Ground out 6-3 (Groundball, 6M)
Batting: SHB Dexter Fowler 0-0: Ball
1-0: Ball
2-0: Foul Ball, location: 2F
2-1: Foul Ball, location: 2F
2-2: Ball
3-2: TRIPLE (Flyball, 89XD)
Batting: RHB Orlando Arcia 0-0: Called Strike
0-1: Ball
1-1: Foul Ball, location: 2F
1-2: Ball
2-2: Ball
3-2: Base on Balls
Batting: LHB Rafael Devers 0-0: Called Strike
0-1: Swinging Strike
0-2: Strikes out looking
Pitching: RHP Alec Mills
Batting: SHB Chase Headley 0-0: Ball
1-0: Ball
2-0: Ball
3-0: Called Strike
3-1: Swinging Strike
3-2: Strikes out swinging
Bottom of the 5th over - 0 runs, 1 hit, 0 errors, 2 left on base; Boston 1 - Baltimore 1
TOP OF THE 6TH
Boston Red Sox batting - Pitching for Baltimore Orioles : RHP Shohei Ohtani
Batting: RHB Eduardo Nunez 0-0: Ball
1-0: Ball
2-0: Called Strike
2-1: Called Strike
2-2: Ball
3-2: Strikes out looking
Batting: RHB Yasiel Puig 0-0: Called Strike
0-1: Ball
1-1: SINGLE (Groundball, 6D)
Batting: LHB Matt Adams 0-0: Ball
1-0: Ball
2-0: Called Strike
2-1: Fielders Choice at 2nd, 6-5 (Groundball, 4M)
Batting: SHB Yangervis Solarte 0-0: Fielders Choice at 2nd, 6-4 (Groundball, 6)
Top of the 6th over - 0 runs, 1 hit, 0 errors, 1 left on base; Boston 1 - Baltimore 1
BOTTOM OF THE 6TH
Baltimore Orioles batting - Pitching for Boston Red Sox : RHP Alec Mills
Batting: RHB Albert Almora 0-0: Called Strike
0-1: Swinging Strike
0-2: Foul Ball, location: 2F
0-2: Ball
1-2: Strikes out looking
Batting: LHB Derek Fisher 0-0: Ball
1-0: SINGLE (Groundball, 6MD)
Batting: LHB Curtis Granderson 0-0: Ball
1-0: Fly out, F8 (Flyball, 8LXD)
Batting: LHB Stephen Vogt 0-0: Ball
1-0: SINGLE (Line Drive, 8RS)
Derek Fisher to second
Runner from 2nd tries for 3rd, OUT! 8-5
Bottom of the 6th over - 0 runs, 2 hits, 0 errors, 1 left on base; Boston 1 - Baltimore 1
TOP OF THE 7TH
Boston Red Sox batting - Pitching for Baltimore Orioles : RHP Shohei Ohtani
Batting: LHB Derek Dietrich 0-0: Foul Ball, location: 2F
0-1: Called Strike
0-2: Ground out 6-3 (Groundball, 6)
Batting: LHB Jackie Bradley Jr. 0-0: Ball
1-0: Ball
2-0: Ground out 6-3 (Groundball, 6M)
Batting: LHB Brock Holt 0-0: Ball
1-0: Foul Ball, location: 2F
1-1: Foul Ball, location: 2F
1-2: Strikes out swinging
Top of the 7th over - 0 runs, 0 hits, 0 errors, 0 left on base; Boston 1 - Baltimore 1
BOTTOM OF THE 7TH
Baltimore Orioles batting - Pitching for Boston Red Sox : RHP Alec Mills
Pinch Hitting: SHB Jose Reyes 0-0: Fly out, F8 (Line Drive, 8LM)
Batting: SHB Dexter Fowler 0-0: Called Strike
0-1: Ball
1-1: Ball
2-1: SINGLE (Groundball, 15) (infield hit)
Batting: RHB Orlando Arcia 0-0: Fly out, F7 (Flyball, 7LSF)
Batting: LHB Rafael Devers 0-0: 2-RUN HOME RUN (Flyball, 89XD), Distance : 392 ft
Pitching: RHP Liam Hendriks
Batting: SHB Chase Headley 0-0: Ball
1-0: Called Strike
1-1: SOLO HOME RUN (Flyball, 7D), Distance : 377 ft
Batting: RHB Albert Almora 0-0: Called Strike
0-1: Fly out, F7 (Flyball, 7D)
Bottom of the 7th over - 3 runs, 3 hits, 0 errors, 0 left on base; Boston 1 - Baltimore 4
TOP OF THE 8TH
Boston Red Sox batting - Pitching for Baltimore Orioles : RHP Shohei Ohtani
Pitching: LHP Justin Wilson
Now at 2B: Jose Reyes
Now at SS: Brendan Ryan
Batting: RHB Jett Bandy 0-0: Fly out, F9 (Flyball, 9S)
Batting: RHB Cesar Puello 0-0: Foul Ball, location: 2F
0-1: Ball
1-1: Foul Ball, location: 2F
1-2: Strikes out swinging
Batting: RHB Eduardo Nunez 0-0: Called Strike
0-1: SINGLE (Flyball, 78S)
Batting: RHB Yasiel Puig 0-0: Ball
1-0: Ball
2-0: Fly out, F8 (Line Drive, 8LM)
Top of the 8th over - 0 runs, 1 hit, 0 errors, 1 left on base; Boston 1 - Baltimore 4
BOTTOM OF THE 8TH
Baltimore Orioles batting - Pitching for Boston Red Sox : RHP Liam Hendriks
Batting: LHB Derek Fisher 0-0: Ball
1-0: Foul Ball, location: 2F
1-1: Ball
2-1: Foul Ball, location: 2F
2-2: SINGLE (Line Drive, 8LS)
Batting: LHB Curtis Granderson 0-0: Called Strike
0-1: Ball
1-1: Sac Bunt to 56S - play at first, batter safe!
Derek Fisher to second
Batting: LHB Stephen Vogt 0-0: Called Strike
0-1: Fly out, F8 (Flyball, 8RM)
Pitching: RHP Cam Bedrosian
Batting: SHB Jose Reyes 0-0: Ball
1-0: Called Strike
1-1: Swinging Strike
1-2: Strikes out swinging
Batting: SHB Dexter Fowler 0-0: Foul Ball, location: 2F
0-1: Foul Ball, location: 2F
0-2: Ball
1-2: Ball
2-2: Foul Ball, location: 2F
2-2: Ball
3-2: Base on Balls
Derek Fisher to third
Curtis Granderson to second
Batting: RHB Brendan Ryan 0-0: Ball
1-0: Called Strike
1-1: Called Strike
1-2: Ball
2-2: Foul Ball, location: 2F
2-2: Foul Ball, location: 2F
2-2: Strikes out swinging
Bottom of the 8th over - 0 runs, 2 hits, 0 errors, 3 left on base; Boston 1 - Baltimore 4
TOP OF THE 9TH
Boston Red Sox batting - Pitching for Baltimore Orioles : LHP Justin Wilson
Batting: LHB Matt Adams 0-0: Called Strike
0-1: Ball
1-1: Fly out, F9 (Flyball, 9S)
Batting: SHB Yangervis Solarte 0-0: Ball
1-0: Ball
2-0: Ground out 4-3 (Groundball, 4)
Batting: LHB Derek Dietrich 0-0: Called Strike
0-1: Called Strike
0-2: Strikes out looking
Top of the 9th over - 0 runs, 0 hits, 0 errors, 0 left on base; Boston 1 - Baltimore 4
Saturday, October 20th, 2018 - OOTP Baseball 19.8 Build 79